 Dungeon Crawl Stone Soup version 0.28.0-45-g0d030f2227 (webtiles) character file.

Game seed: 8705052359124215583

233 101zpm the Chiller (level 5, -1/28 HPs)
             Began as a Deep Elf Ice Elementalist on Apr 20, 2022.
             Slain by a wraith (7 damage)
             ... on level 5 of the Dungeon.
             The game lasted 00:08:03 (4160 turns).

101zpm the Chiller (Deep Elf Ice Elementalist)      Turns: 4160, Time: 00:08:05

Health: -1/28      AC: 14    Str:  5    XL:     5   Next: 75%
Magic:  3/14       EV: 13    Int: 25    God:
Gold:   101        SH:  0    Dex: 15    Spells: 7/14 levels left

rFire   . . .      SeeInvis .   p - +7 mace of the Eternal Void {vorpal, *Slow rElec Int+3}
rCold   . . .      Faith    .   (no shield)
rNeg    . . .      Spirit   .   a - +0 robe
rPois   .          Reflect  .   (no helmet)
rElec   +          Harm     .   (no cloak)
rCorr   .          Rampage  .   e - +0 pair of gloves
Will    .....                   (no boots)
Stlth   ++........              (no amulet)
HPRegen 0.09/turn               k - +4 ring of protection
MPRegen 0.14/turn               (no ring)

@: ice-armoured, slowed, very slow
A: no striking features
a: no special abilities


You were on level 5 of the Dungeon.
You visited 1 branch of the dungeon, and saw 5 of its levels.

You collected 101 gold pieces.

Inventory:

Hand Weapons
 p - the +7 mace of the Eternal Void (weapon) {vorpal, *Slow rElec Int+3}
   (You found it on level 3 of the Dungeon)

   It inflicts extra damage upon your enemies.
   Int:       It affects your intelligence (+3).
   rElec:     It insulates you from electricity.
   *Slow:     It may slow you when you take damage.
 t - a +0 hand crossbow
Missiles
 f - 45 arrows
 g - 85 bolts
 m - 44 sling bullets
 n - 62 stones
Armour
 a - a +0 robe (worn)
 e - a +0 pair of gloves (worn)
Jewellery
 k - a +4 ring of protection (left hand)
 s - a +4 ring of evasion
 u - a +6 ring of dexterity
Scrolls
 b - a scroll of noise {unknown}
 c - a scroll of magic mapping {unknown}
 d - 2 scrolls of identify {unknown}
 h - a scroll of amnesia {unknown}
 j - 2 scrolls of vulnerability {unknown}
 v - a scroll of fear {unknown}
 w - a scroll of fog {unknown}
Potions
 i - a potion of invisibility {unknown}
 l - a potion of brilliance {unknown}
 o - 2 potions of might {unknown}
 q - a potion of attraction {unknown}
 r - a potion of curing {unknown}


   Skills:
 + Level 0.3 Fighting
 + Level 2.8 Dodging
 + Level 3.2 Stealth
 + Level 5.4 Spellcasting
 + Level 6.2 Ice Magic


You had 7 spell levels left.
You knew the following spells:

 Your Spells              Type           Power      Damage    Failure   Level
a - Freeze                Ice            100%       1d11      1%          1
b - Frozen Ramparts       Ice            74%        1d9       1%          3
c - Ozocubu's Armour      Ice            37%        N/A       1%          3

Your spell library contained the following spells:

 Spells                   Type           Power      Damage    Failure   Level
 Ensorcelled Hibernation  Hex/Ice        44%        N/A       3%          2
 Beastly Appendage        Tmut           12%        N/A       8%          1
 Magic Dart               Conj           24%        1d4       8%          1
 Call Imp                 Summ           6%         N/A       12%         2
 Passwall                 Tmut/Erth      5%         N/A       12%         2
 Sublimation of Blood     Necr           6%         N/A       12%         2
 Wereblood                Tmut           6%         N/A       12%         2
 Hailstorm                Conj/Ice       22%        3d7       22%         4
 Mephitic Cloud           Conj/Pois/Air  6%         N/A       24%         3
 Spider Form              Tmut/Pois      6%         N/A       24%         3
 Swiftness                Air            6%         N/A       24%         3
 Summon Hydra             Summ           3%         N/A       100%        7


Dungeon Overview and Level Annotations

Branches:
Dungeon (5/15)
 Temple: D:4-7

Altars:
Fedhas
Wu Jian


Message History

The wraith is moderately damaged.
The wraith misses you.
You hit the wraith but do no damage.
The wraith is moderately damaged.
The wraith hits you.
Aiming: Freeze (safe; 1% risk of failure)
Press: ? - help, Q - select action, (/) - cycle Shift-Dir - straight line, f - wraith
Aim: a wraith (moderately damaged)
You freeze the wraith.
The wraith resists.
The wraith is moderately damaged.
The wraith hits you. The wraith drains your vigour!
You feel yourself slow down.
Aiming: Freeze (safe; 1% risk of failure)
Press: ? - help, Q - select action, (/) - cycle Shift-Dir - straight line, f/p - wraith
Aim: a wraith (moderately damaged)
You freeze the wraith.
The wraith resists.
The wraith is heavily damaged.
The frozen ramparts melt away.
The wraith misses you. The wraith hits you but does no damage.
Aiming: Freeze (safe; 1% risk of failure)
Press: ? - help, Q - select action, (/) - cycle Shift-Dir - straight line, f/p - wraith
Aim: a wraith (heavily damaged)
You freeze the wraith.
The wraith resists.
The wraith is severely damaged.
The wraith completely misses you.
Aiming: Freeze (safe; 1% risk of failure)
Press: ? - help, Q - select action, (/) - cycle Shift-Dir - straight line, f/p - wraith
Aim: a wraith (severely damaged)
You freeze the wraith.
The wraith resists.
The wraith is severely damaged.
The wraith hits you!
* * * LOW HITPOINT WARNING * * *
The wraith hits you but does no damage.
Aiming: Freeze (safe; 1% risk of failure)
Press: ? - help, Q - select action, (/) - cycle Shift-Dir - straight line, f/p - wraith
Aim: a wraith (severely damaged)
You freeze the wraith.
The wraith resists.
The wraith is severely damaged.
The wraith hits you!
You die...

## ..# #. ...#. #.
..... ##.###.#.#.
...........
#####)......#
#.....W..##.# ....
#.@.....# #...
##.#..##.### #...
##.......)).# #...
.......)....#.######...
.....##.!####.#........
..........# #..........
.....####.# ###........
..... #.# ####.#... ###
#.# #.#...


You could see a wraith.

Vanquished Creatures
  A scorpion (D:5)
  A hound (D:5)
  An iguana (D:5)
  A howler monkey skeleton (D:5)
  6 gnolls
  A worm (D:2)
  4 orcs (D:5)
  2 ball pythons
  2 endoplasms
  A giant cockroach (D:3)
  5 hobgoblins
  8 jackals
  4 bats
  4 frilled lizards
  2 goblins
  2 kobolds
  7 rats
52 creatures vanquished.

Notes
Turn   | Place    | Note
-------+----------+-------------------------------------------
     0 | D:1      | 101zpm the Deep Elf Ice Elementalist began the quest for
                  | the Orb.
     0 | D:1      | Reached XP level 1. HP: 10/10 MP: 6/6
   844 | D:1      | Reached XP level 2. HP: 15/15 MP: 5/8
   896 | D:1      | Found a faded altar of an unknown god.
  1679 | D:2      | Found an ornate altar of the Wu Jian Council.
  1811 | D:2      | Reached skill level 5 in Ice Magic
  1894 | D:2      | Reached XP level 3. HP: 19/19 MP: 6/9
  2414 | D:2      | Learned a level 3 spell: Frozen Ramparts
  2418 | D:2      | Learned a level 3 spell: Ozocubu's Armour
  2420 | D:3      | Found a blossoming altar of Fedhas.
  2576 | D:3      | Identified the +7 mace of the Eternal Void {vorpal, *Slow
                  | rElec Int+3}
  2926 | D:3      | Reached XP level 4. HP: 15/24 MP: 2/12
  3598 | D:5      | Entered Level 5 of the Dungeon
  3754 | D:5      | Reached XP level 5. HP: 26/28 MP: 11/14
  3888 | D:5      | Reached skill level 5 in Spellcasting
  3888 | D:5      | Reached skill level 6 in Ice Magic
  4150 | D:5      | Noticed a wraith
  4160 | D:5      | Slain by a wraith

Illustrated notes

Levels and vault maps discovered:
D:1:      wheals_arrival_shading, layout_basic, ebering_ecumenical_altar_rust
D:2:      minmay_recursive_quarters, layout_rooms, basic_altar
D:3:      layout_basic, nicolae_overflow_crystal_walls,
          hangedman_decor_clover_reticule, chequers_serial_rivers_micro_a,
          minmay_misc_feat_five
D:4:      layout_rooms, mainiacjoe_overflow_brackets, serial_curves,
          eino_curves_02, eino_curves_04, eino_curves_01
D:5:      layout_loops_cross, serial_bayou_pond_e

Skill      XL: |  1  2  3  4  5 |
---------------+----------------+-----
Ice Magic      | 5 6 |  6.2
Stealth        | 3 |  3.2
Spellcasting   | 4 5 |  5.4
Fighting       | |  0.3
Dodging        | |  2.8

Action                   |  1- 3 |  4- 6 || total
-------------------------+-------+-------++-------
Melee: Unarmed           |     6 |       ||     6
       Mace              |     2 |    12 ||    14
 Cast: Freeze            |    50 |    14 ||    64
       Frozen Ramparts   |     2 |     6 ||     8
       Ozocubu's Armour  |     1 |     1 ||     2
Armor: Robe              |     9 |     6 ||    15
Dodge: Dodged            |    21 |    18 ||    39
